[Event "Titled Tuesday Blitz November 15 Late 2022"]
[White "Przybylski, Wojciech"]
[Black "Nugumanov, Bakhtiyar"]
[WhiteFideId "1117599"]
[BlackFideId "13701797"]
[WhiteElo "2221"]
[BlackElo "2287"]
[Result "0-1"]
[Round "09"]
[TimeControl "180+1"]
[Date "2022.11.16"]
[WhiteClock "0:00:03"]
[BlackClock "0:00:09"]

1. d4 Nf6 2. c4 e6 3. Nc3 Bb4 4. Nf3 b6 5. Qb3 Qe7 6. Bg5 O-O 7. g3 Bb7 8. Bg2 c5 9. a3 Ba5 10. dxc5 Qxc5 11. Bxf6 gxf6 12. O-O Nc6 13. Rfd1 Rad8 14. Qc2 Bxc3 15. Qxc3 Qe7 16. Nd2 Kg7 17. Ne4 Na5 18. b4 Bxe4 19. Bxe4 Nc6 20. Rd3 Ne5 21. Rd4 Kg8 22. Rad1 Rfe8 23. Qd2 f5 24. Bg2 Rc8 25. Rc1 Rc7 26. Qh6 Rec8 27. Qf4 Ng6 28. Qd2 Ne5 29. Qf4 Ng6 30. Qe3 d6 31. f4 b5 32. c5 dxc5 33. Rd3 cxb4 34. Rcd1 bxa3 35. Rxa3 b4 36. Rad3 a5 37. Qb6 a4 38. g4 fxg4 39. f5 Qc5+ 40. Qxc5 Rxc5 41. fxg6 hxg6 42. Rd4 Rb8 43. Rb1 a3 44. Rdxb4 Rxb4 45. Rxb4 a2 46. Rb8+ Kg7 47. Ra8 Rc1+ 48. Kf2 a1=Q 49. Rxa1 Rxa1 50. Kg3 Ra3+ 51. Kxg4 f5+ 52. Kf4 Ra4+ 53. Kg3 Kf6 54. h4 e5 55. Bf3 e4 56. Bg2 Ke5 57. e3 Ra2 58. h5 gxh5 59. Bf1 Ra1 60. Bc4 Re1 61. Kf2 Rc1 62. Bb5 Rc2+ 63. Kg3 Rb2 64. Ba6 Rb3 65. Kf2 f4 66. exf4+ Kxf4 67. Bc4 Rb2+ 68. Kf1 e3 69. Bd3 h4 70. Bc4 h3 71. Bd5 h2 72. Bc6 Kg3 73. Bd5 Rf2+ 74. Ke1 Rb2 75. Kf1 Rb1+ 76. Ke2 h1=Q 77. Bxh1 Rxh1 78. Kxe3 Re1+ 79. Kd2 Re8 80. Kd3 Kf4 81. Kd4 Rd8+ 82. Kc4 Ke5 83. Kc5 Rc8+ 84. Kb6 Rc1 0-1


[Site "https://www.chess.com"]

[Event "Titled Tuesday Blitz November 15 Late 2022"]
[White "Pultinevicius, Paulius"]
[Black "Andreikin, Dmitry"]
[WhiteFideId "12809390"]
[BlackFideId "4158814"]
[WhiteElo "2493"]
[BlackElo "2736"]
[Result "0-1"]
[Round "09"]
[TimeControl "180+1"]
[Date "2022.11.15"]
[WhiteClock "0:00:02"]
[BlackClock "0:00:12"]

1. d4 Nf6 2. Nf3 e6 3. c4 b6 4. a3 Bb7 5. Nc3 Ne4 6. Nxe4 Bxe4 7. Bg5 Be7 8. Bxe7 Qxe7 9. e3 O-O 10. Bd3 Bb7 11. O-O d6 12. e4 Nd7 13. Re1 a5 14. Bc2 e5 15. d5 g6 16. b4 Bc8 17. Qd2 Kg7 18. g3 Nf6 19. Qc3 Ng4 20. Kg2 f5 21. exf5 axb4 22. axb4 Rxa1 23. Rxa1 Bxf5 24. Bxf5 Rxf5 25. h3 Nf6 26. Nh4 Rxf2+ 27. Kg1 Re2 28. Rf1 e4 29. Ng2 Qe5 30. Qxe5 dxe5 31. Ra1 e3 32. Ra7 Ne4 33. Rxc7+ Kh6 34. c5 Rxg2+ 35. Kf1 e2+ 36. Ke1 Nxg3 0-1


[Site "https://www.chess.com"]

[Event "Titled Tuesday Blitz November 15 Late 2022"]
[White "Quirke, Jeffrey"]
[Black "Toncheva, Nadya"]
[WhiteFideId "2013029"]
[BlackFideId "2924056"]
[WhiteElo "2236"]
[BlackElo "2101"]
[Result "0-1"]
[Round "09"]
[TimeControl "180+1"]
[Date "2022.11.16"]
[WhiteClock "0:00:02"]
[BlackClock "0:00:23"]

1. e4 c5 2. Nf3 Nc6 3. b4 cxb4 4. d4 d5 5. exd5 Qxd5 6. c4 bxc3 7. Nxc3 Qa5 8. Bd2 e6 9. Bd3 Nf6 10. O-O Bb4 11. Rc1 O-O 12. Bb1 Qh5 13. Qb3 Bd6 14. h3 e5 15. Nb5 Bb8 16. d5 e4 17. dxc6 bxc6 18. Ng5 cxb5 19. Rxc8 Rxc8 20. Qxb5 Bd6 21. Qa4 Re8 22. Be3 h6 23. Qc6 hxg5 24. Qxd6 g4 25. Qg3 gxh3 26. Qxh3 Qxh3 27. gxh3 Rab8 28. Bc2 a5 29. Bb3 Red8 30. Rc1 Nd5 31. Bd4 Nf4 32. Be5 Ne2+ 33. Kf1 Nxc1 34. Bxb8 Rxb8 0-1


[Site "https://www.chess.com"]

[Event "Titled Tuesday Blitz November 15 Late 2022"]
[White "Rangel, Daniel"]
[Black "Harish, Neeraj"]
[WhiteFideId "2124475"]
[BlackFideId "30958130"]
[WhiteElo "2225"]
[BlackElo "1815"]
[Result "1-0"]
[Round "09"]
[TimeControl "180+1"]
[Date "2022.11.16"]
[WhiteClock "0:01:22"]
[BlackClock "0:00:13"]

1. e4 c5 2. Nf3 Nc6 3. Bc4 e6 4. d3 d5 5. exd5 exd5 6. Bb3 Nf6 7. O-O Be7 8. Nc3 O-O 9. Bg5 Be6 10. Re1 h6 11. Bh4 Qd7 12. Ba4 Qc7 13. Rxe6 fxe6 14. Qe2 Qc8 15. Re1 Nd4 16. Nxd4 cxd4 17. Nb1 Bb4 18. Qxe6+ Qxe6 19. Rxe6 a6 20. a3 b5 21. Bb3 Rfe8 22. Rxe8+ Rxe8 23. f3 g5 24. axb4 gxh4 25. Kf2 Kg7 26. Nd2 Kg6 27. Nf1 Kg5 28. Nd2 Ra8 29. g3 hxg3+ 30. hxg3 Re8 31. f4+ Kf5 32. Nf3 Ng4+ 33. Kg2 Re2+ 34. Kh3 Ne3 35. Nxd4+ Kf6 36. Nxe2 1-0


[Site "https://www.chess.com"]

[Event "Titled Tuesday Blitz November 15 Late 2022"]
[White "Rasulov, Vugar"]
[Black "Mgeladze, Tamaz"]
[WhiteFideId "13402390"]
[BlackFideId "13601202"]
[WhiteElo "2509"]
[BlackElo "2288"]
[Result "1-0"]
[Round "09"]
[TimeControl "180+1"]
[Date "2022.11.15"]
[WhiteClock "0:01:33"]
[BlackClock "0:00:08"]

1. c4 c5 2. Nc3 Nc6 3. Nf3 g6 4. g3 Bg7 5. Bg2 Nf6 6. O-O O-O 7. d4 cxd4 8. Nxd4 Nxd4 9. Qxd4 d6 10. Qd3 Be6 11. b3 d5 12. cxd5 Nxd5 13. Bxd5 Bxd5 14. Nxd5 Bxa1 15. Ba3 Bf6 16. Rd1 Re8 17. Qf3 Qa5 18. Bb4 Qxa2 19. h4 Qc2 20. Rd3 Rad8 21. h5 Rxd5 22. Qxd5 Qxe2 23. hxg6 hxg6 24. Re3 Qa6 25. Bc5 Qc6 26. Qxc6 bxc6 27. Bxa7 Ra8 28. Bc5 Kf8 29. Kg2 Ke8 30. b4 Ra2 31. Kf3 Rc2 32. Re4 Kd7 33. g4 Rc3+ 34. Kg2 g5 35. Be3 Rd3 36. Kf3 Kd6 37. Ke2 Rb3 38. Bc5+ Kd5 39. f3 e6 40. Kf2 Bb2 41. Be7 Bd4+ 42. Kg3 f5 43. Re2 Be5+ 44. Kf2 fxg4 45. fxg4 Bd4+ 46. Kg2 Re3 47. Rd2 Kc4 48. Bxg5 Re4 49. Kf3 Re5 50. Rxd4+ Kxd4 51. Bf6 Kd5 52. Bxe5 Kxe5 53. Ke3 Kf6 54. Kf4 e5+ 55. Ke4 Kg5 56. Kxe5 Kxg4 57. Kd6 c5 58. bxc5 1-0


[Site "https://www.chess.com"]

[Event "Titled Tuesday Blitz November 15 Late 2022"]
[White "Reprintsev, Alexander"]
[Black "Leiva, Gianmarco"]
[WhiteFideId "14100541"]
[BlackFideId "3804399"]
[WhiteElo "2230"]
[BlackElo "2286"]
[Result "1-0"]
[Round "09"]
[TimeControl "180+1"]
[Date "2022.11.16"]
[WhiteClock "0:00:16"]
[BlackClock "0:02:12"]

1. e4 c5 2. b3 d6 3. Bb2 e5 4. f4 exf4 5. Qf3 Nf6 6. Qxf4 Be7 7. Bb5+ Bd7 8. Bxd7+ Qxd7 9. Nf3 Nc6 10. O-O O-O 11. c4 Qg4 12. Qxg4 Nxg4 13. h3 Bf6 14. Nc3 Nge5 15. Nh2 Nd3 16. Rxf6 gxf6 17. Ba3 f5 18. exf5 Rae8 19. Nf3 f6 20. Kf1 Rf7 21. Nd5 Kg7 22. Rb1 a6 23. Bb2 Nxb2 24. Rxb2 b5 25. d3 Rb8 26. Re2 a5 27. Nf4 a4 28. Re6 bxc4 29. dxc4 a3 30. Nh5+ Kh8 31. Nxf6 Nb4 32. Ng5 Rxf6 33. Rxf6 Nxa2 34. Rf7 Nc3 35. Rxh7+ Kg8 36. f6 a2 37. Rg7+ Kf8 38. Ne6+ Ke8 39. Re7# 1-0


[Site "https://www.chess.com"]

[Event "Titled Tuesday Blitz November 15 Late 2022"]
[White "Romero Ruscalleda, Josep"]
[Black "Winkels, Marcel"]
[WhiteFideId "2231859"]
[BlackFideId "1003887"]
[WhiteElo "2183"]
[BlackElo "1900"]
[Result "0-1"]
[Round "09"]
[TimeControl "180+1"]
[Date "2022.11.16"]
[WhiteClock "0:00:08"]
[BlackClock "0:00:09"]

1. e4 c5 2. c3 d6 3. d4 Nf6 4. Bd3 cxd4 5. cxd4 g6 6. Nc3 Bg7 7. h3 O-O 8. Be3 Nc6 9. Nge2 e5 10. d5 Ne7 11. O-O Ne8 12. f4 exf4 13. Nxf4 a6 14. a4 Nf6 15. a5 Nd7 16. Bc2 Ne5 17. Bb6 Qe8 18. Qe2 Bd7 19. Rf2 Bb5 20. Nxb5 Qxb5 21. Qxb5 axb5 22. Bd1 Nc4 23. Rb1 Nxa5 24. Rc2 Nc4 25. Bf2 Rfc8 26. Be2 Be5 27. Nd3 Bf6 28. Rbc1 Nxb2 29. Rxc8+ Rxc8 30. Rb1 Rc2 31. Bf1 Bc3 32. Nxb2 Bxb2 33. Bxb5 f5 34. Bd3 Rd2 35. exf5 Nxf5 36. Bc4 Rc2 37. Bb3 Rd2 38. g4 Nd4 39. Be3 Rd3 40. Bxd4 Bxd4+ 41. Kg2 Rd2+ 42. Kg3 b6 43. Bc4 Bc5 44. Rf1 Rd4 45. Bb3 Rb4 46. Rf3 Kg7 47. Bc2 b5 48. Rb3 Rxb3+ 49. Bxb3 b4 50. Kf4 Kf6 51. g5+ Ke7 52. Kg4 Kd7 53. Kf4 Kc7 54. Bc2 Kb6 55. h4 Kb5 56. h5 gxh5 57. Bxh7 Kc4 58. Bb1 Bd4 59. Ke4 Be5 60. Kf5 b3 61. Ke4 h4 62. Kf3 h3 63. g6 h2 64. Kg2 Kc3 65. g7 Bxg7 66. Kxh2 Kb2 67. Be4 Kc1 68. Kg3 b2 69. Kg4 b1=Q 70. Bxb1 Kxb1 71. Kf5 Be5 72. Ke6 Kc2 73. Kd7 Kc3 74. Kc7 Kd4 75. Kc6 Ke4 76. Kd7 Kxd5 77. Ke7 Bf4 78. Kf6 Be3 79. Kf5 Kd4 80. Ke6 d5 81. Kd6 Kc4 82. Kc6 d4 0-1


[Site "https://www.chess.com"]

[Event "Titled Tuesday Blitz November 15 Late 2022"]
[White "Rorrer, Grayson"]
[Black "Petrovic, Aleksa"]
[WhiteFideId "30944996"]
[BlackFideId "967629"]
[WhiteElo "2130"]
[BlackElo "2224"]
[Result "1-0"]
[Round "09"]
[TimeControl "180+1"]
[Date "2022.11.16"]
[WhiteClock "0:00:06"]
[BlackClock "0:00:03"]

1. e4 e6 2. d4 d5 3. Nd2 c5 4. exd5 exd5 5. Ngf3 Nf6 6. Bb5+ Nc6 7. O-O Be7 8. dxc5 Bxc5 9. Nb3 Bb6 10. h3 O-O 11. c3 Qd6 12. Re1 Bxh3 13. gxh3 Qg3+ 14. Kh1 Qxh3+ 15. Nh2 Ne4 16. Rxe4 dxe4 17. Qg1 Rad8 18. Be2 Ne5 19. Qg2 Qh4 20. Bg5 Qxf2 21. Bxd8 Qxg2+ 22. Kxg2 Bxd8 23. Nc5 f5 24. Rd1 f4 25. Nxe4 Bb6 26. Rd5 Ng6 27. Nf3 h6 28. Bd3 Ne7 29. Rd7 Nf5 30. c4 g5 31. Ne5 Nh4+ 32. Kf1 f3 33. Ng4 h5 34. Nef6+ Rxf6 35. Nxf6+ Kf8 36. Nxh5 g4 37. b4 Be3 38. c5 Bg5 39. Rxb7 1-0


[Site "https://www.chess.com"]

[Event "Titled Tuesday Blitz November 15 Late 2022"]
[White "Rose, Felix"]
[Black "Sariego Figueredo, Wilfredo"]
[WhiteFideId "5105722"]
[BlackFideId "3500080"]
[WhiteElo "2039"]
[BlackElo "2309"]
[Result "1-0"]
[Round "09"]
[TimeControl "180+1"]
[Date "2022.11.16"]
[WhiteClock "0:01:43"]
[BlackClock "0:02:29"]

1. e4 c5 2. Nf3 a6 3. Nc3 b5 4. d4 cxd4 5. Nxd4 e5 6. Nf5 Nf6 7. Bg5 Be7 8. Nxg7+ Kf8 9. Nf5 Nc6 10. Bh6+ Kg8 11. Qf3 1-0


[Site "https://www.chess.com"]

[Event "Titled Tuesday Blitz November 15 Late 2022"]
[White "Rustemov, Alexander"]
[Black "Goryachkina, Aleksandra"]
[WhiteFideId "4119002"]
[BlackFideId "4147103"]
[WhiteElo "2821"]
[BlackElo "2484"]
[Result "1-0"]
[Round "09"]
[TimeControl "180+1"]
[Date "2022.11.15"]
[WhiteClock "0:00:28"]
[BlackClock "0:00:05"]

1. d4 Nf6 2. c4 e6 3. Nf3 d5 4. Nc3 Nbd7 5. cxd5 exd5 6. Bg5 c6 7. e3 Be7 8. Bd3 Ne4 9. Bf4 Ndf6 10. Qc2 O-O 11. O-O Re8 12. Nxe4 dxe4 13. Bxe4 Nxe4 14. Qxe4 Bd6 15. Qd3 Bxf4 16. exf4 Qf6 17. g3 Bf5 18. Qc3 Be4 19. Ne5 Rad8 20. Rfe1 Bd5 21. Re3 h5 22. h4 Qf5 23. Kh2 f6 24. Nc4 Rxe3 25. Nxe3 Qe4 26. Nxd5 Rxd5 27. Rd1 Kh7 28. b4 Rd7 29. Qe3 Qxe3 30. fxe3 Re7 31. Rd3 g6 32. Kg2 f5 33. Kf3 Rd7 34. Rc3 Kg7 35. a4 a6 36. Rc5 Rd5 37. Ke2 Kf6 38. Kd3 Ke6 39. e4 fxe4+ 40. Kxe4 Rd7 41. f5+ Kf6 42. fxg6 Kxg6 43. Rg5+ Kh6 44. a5 Rd6 45. Kd3 Rf6 46. Kc4 Rf3 47. Kc5 Rb3 48. g4 hxg4 49. Rxg4 Kh5 50. Rg7 Rc3+ 51. Kd6 Rc4 52. Rxb7 Rxd4+ 53. Kxc6 1-0


[Site "https://www.chess.com"]

[Event "Titled Tuesday Blitz November 15 Late 2022"]
[White "Sabuk, Piotr"]
[Black "Storey, Charles H"]
[WhiteFideId "1137565"]
[BlackFideId "406686"]
[WhiteElo "2326"]
[BlackElo "2252"]
[Result "1-0"]
[Round "09"]
[TimeControl "180+1"]
[Date "2022.11.16"]
[WhiteClock "0:00:57"]
[BlackClock "0:00:05"]

1. Nf3 g6 2. e4 Bg7 3. d4 c5 4. dxc5 Qa5+ 5. c3 Qxc5 6. Na3 Nc6 7. Nb5 Qb6 8. Be3 Qd8 9. Bc4 Nh6 10. h3 a6 11. Nbd4 f6 12. Qd2 Nf7 13. h4 Nfe5 14. Bb3 Na5 15. Nxe5 fxe5 16. Ne6 dxe6 17. Qxd8+ Kxd8 18. Bb6+ Kd7 19. Bxa5 Kc6 20. Bb4 Bf6 21. a4 a5 22. Ba3 Kd7 23. Rd1+ Ke8 24. Rh3 Kf7 25. h5 g5 26. Rhd3 b6 27. Bc4 Ba6 28. Bxa6 Rxa6 29. Rd7 Rb8 30. c4 Raa8 31. g4 Ke8 32. Ke2 Rd8 33. Rxd8+ Rxd8 34. Rxd8+ Kxd8 35. Kd3 Kd7 36. c5 Kc6 37. Kc4 bxc5 38. Bxc5 Bg7 39. Be3 h6 40. b3 Bf6 41. Bc5 Bg7 42. Bxe7 Kd7 43. Ba3 Kc6 44. Bc5 Bf6 45. Bf8 Bd8 46. Bxh6 Be7 47. Bg7 Kd6 48. h6 1-0


[Site "https://www.chess.com"]

[Event "Titled Tuesday Blitz November 15 Late 2022"]
[White "Salman, Pavel"]
[Black "Cardoso Cardoso, Jose Gabriel"]
[WhiteFideId "24153753"]
[BlackFideId "4430492"]
[WhiteElo "2187"]
[BlackElo "2484"]
[Result "0-1"]
[Round "09"]
[TimeControl "180+1"]
[Date "2022.11.16"]
[WhiteClock "0:00:12"]
[BlackClock "0:00:10"]

1. Nf3 g6 2. g3 Bg7 3. Bg2 d6 4. O-O Nd7 5. d3 e5 6. e4 Ne7 7. Nbd2 O-O 8. a4 f5 9. c3 Nf6 10. Qb3+ Kh8 11. Ng5 Qe8 12. f4 exf4 13. gxf4 Nc6 14. Qc2 h6 15. Ngf3 fxe4 16. Nxe4 Nh5 17. Nh4 Ne7 18. Bd2 Nf5 19. Nxf5 Bxf5 20. Rae1 Qd7 21. Ng3 Nxg3 22. hxg3 c6 23. Re3 Rae8 24. Rfe1 h5 25. Bc1 Rxe3 26. Rxe3 Re8 27. Qe2 Rxe3 28. Qxe3 a6 29. a5 Bf6 30. Be4 Qe7 31. Bxf5 Qxe3+ 32. Bxe3 gxf5 33. Bb6 Kg7 34. Bc7 Be7 35. Kf2 Kf6 36. Ke3 Ke6 37. c4 Bf6 38. d4 Kd7 39. Bb6 Bg7 40. b3 Bf6 41. Ba7 Bd8 42. b4 d5 43. c5 Bf6 44. Bb8 h4 45. gxh4 Bxh4 46. Be5 Be1 47. Bc7 Bxb4 48. Bb6 Ke6 49. Kf3 Kf6 50. Ke3 Kg6 51. Kf3 Kh5 52. Bd8 Bc3 53. Ke3 Kg4 54. Bc7 Be1 55. Bd8 Bg3 56. Bc7 Bh2 57. Bd6 Bg1+ 58. Kd3 Kf3 59. Be5 Be3 60. Bf6 Bxf4 61. Kc2 Bg3 62. Kd3 f4 63. Be5 Kg4 64. Ke2 f3+ 65. Ke3 Bxe5 66. dxe5 Kf5 67. Kxf3 Kxe5 68. Ke3 d4+ 69. Kd3 Kd5 0-1


[Site "https://www.chess.com"]

[Event "Titled Tuesday Blitz November 15 Late 2022"]
[White "Sattarov, Bobir"]
[Black "Kamsky, Gata"]
[WhiteFideId "14203081"]
[BlackFideId "2000024"]
[WhiteElo "2354"]
[BlackElo "2666"]
[Result "0-1"]
[Round "09"]
[TimeControl "180+1"]
[Date "2022.11.15"]
[WhiteClock "0:00:01"]
[BlackClock "0:00:14"]

1. e4 c6 2. c4 d6 3. d4 e5 4. Nf3 Nd7 5. Nc3 g6 6. Be2 Bg7 7. Be3 Ngf6 8. h3 O-O 9. O-O exd4 10. Nxd4 Re8 11. Qc2 Nc5 12. Bf3 a5 13. Rad1 Qe7 14. Rfe1 a4 15. b4 axb3 16. axb3 h5 17. Bf4 Nfd7 18. b4 Qf6 19. Be3 Ne6 20. Qb3 Ne5 21. Be2 Nf4 22. Bf1 h4 23. Nce2 Nxe2+ 24. Bxe2 g5 25. Nf5 Bxf5 26. exf5 Qxf5 27. Rxd6 g4 28. hxg4 Nxg4 29. Bxg4 Qxg4 30. Qd1 Qxc4 31. Rd7 Ra1 32. Qd2 Rxe1+ 33. Qxe1 Qg4 34. Qd1 Qxd1+ 35. Rxd1 Bf6 36. Bc5 Kg7 37. Kh2 Kg6 38. Rd7 b5 39. Kh3 Re6 40. f3 Bg5 41. Rc7 f6 42. Rc8 Kf5 43. Ra8 Kg6 44. Ra2 f5 45. Ra6 Kh5 46. Bf2 Re2 0-1


[Site "https://www.chess.com"]

[Event "Titled Tuesday Blitz November 15 Late 2022"]
[White "Shapiro, Daniel"]
[Black "Rodriguez Fontecha, Marcos"]
[WhiteFideId "2001780"]
[BlackFideId "2256576"]
[WhiteElo "2315"]
[BlackElo "2263"]
[Result "1-0"]
[Round "09"]
[TimeControl "180+1"]
[Date "2022.11.16"]
[WhiteClock "0:00:21"]
[BlackClock "0:00:05"]

1. d4 f5 2. Nf3 Nf6 3. c4 g6 4. Nc3 Bg7 5. g3 d6 6. Bg2 O-O 7. O-O c6 8. b3 Qc7 9. Ba3 a5 10. Rc1 Na6 11. d5 Nb4 12. Ng5 h6 13. Ne6 Bxe6 14. dxe6 Qc8 15. e4 Qxe6 16. Re1 fxe4 17. Nxe4 Nxe4 18. Bxe4 Qf6 19. Qd2 Qd4 20. Qe2 g5 21. Bb1 Qf6 22. Rf1 e5 23. Qe4 Rae8 24. Bb2 Re7 25. Qh7+ Kf7 26. f4 Rh8 27. fxg5 Rxh7 28. gxf6 Bxf6 29. Bxh7 Nxa2 30. Rce1 Kg7 31. Bb1 Nb4 32. Rf5 d5 33. Ref1 Re6 34. Rxf6 Rxf6 35. Bxe5 1-0


[Site "https://www.chess.com"]

[Event "Titled Tuesday Blitz November 15 Late 2022"]
[White "Shimanov, Aleksandr"]
[Black "Garcia Pantoja, Roberto"]
[WhiteFideId "4198603"]
[BlackFideId "3509265"]
[WhiteElo "2605"]
[BlackElo "2524"]
[Result "1/2-1/2"]
[Round "09"]
[TimeControl "180+1"]
[Date "2022.11.15"]
[WhiteClock "0:00:06"]
[BlackClock "0:00:12"]

1. e4 c5 2. Nf3 d6 3. d4 cxd4 4. Qxd4 Nc6 5. Bb5 Bd7 6. Qd3 g6 7. c4 Bg7 8. Nc3 Nf6 9. h3 O-O 10. O-O a6 11. Bxc6 bxc6 12. Be3 c5 13. Rad1 Qb8 14. b3 Bc6 15. Nd5 Bxd5 16. exd5 a5 17. a4 Nd7 18. Bd2 Re8 19. Rfe1 Qb6 20. Rb1 Rab8 21. Re2 Ne5 22. Nxe5 Bxe5 23. f4 Bd4+ 24. Kh2 e6 25. dxe6 Rxe6 26. Rxe6 fxe6 27. Qe4 Kf7 28. g4 Qb7 29. Qxb7+ Rxb7 30. Bxa5 d5 31. cxd5 exd5 32. Bd2 c4 33. b4 c3 34. Bc1 Bc5 35. Kg3 d4 36. a5 Rxb4 37. Ra1 d3 38. a6 Rb8 39. Ra2 Ra8 40. Kf3 d2 41. Bxd2 cxd2 42. Rxd2 Rxa6 43. Rd7+ Be7 44. g5 Rd6 45. Rb7 Ke6 46. Kg4 Rd4 47. h4 Bd6 48. Rxh7 Rxf4+ 49. Kh3 Rf3+ 50. Kg2 Rg3+ 51. Kf1 Rh3 52. Kg2 Rh2+ 53. Kf3 Be5 54. Kg4 Rg2+ 55. Kf3 Rg3+ 56. Kf2 Rh3 57. Kg2 Rh2+ 58. Kf3 Bd6 59. Kg4 Be7 60. h5 gxh5+ 61. Rxh5 Rg2+ 62. Kf4 Rf2+ 63. Ke4 Bf8 64. Rh4 Bg7 65. Rf4 Rg2 66. Rf5 Rg4+ 67. Rf4 Rxg5 68. Rf3 Be5 69. Kd3 Rg4 70. Rh3 Kd5 71. Rh7 Ra4 72. Rd7+ Bd6 73. Rd8 Ra3+ 74. Ke2 Ke5 75. Re8+ Kd4 76. Rd8 Ra6 77. Kf3 Ke5 78. Re8+ Kf5 79. Ke2 Ra2+ 80. Kd3 Ra3+ 81. Kc4 Be5 82. Rf8+ Ke4 83. Re8 Rc3+ 84. Kb4 Rc1 85. Rd8 Bd4 86. Kb5 Kd3 87. Rd7 Rc5+ 88. Kb6 Rg5+ 89. Kc6 Kc4 90. Re7 Rg6+ 91. Kd7 Kd5 92. Rf7 Be5 93. Re7 Ra6 94. Rf7 Bd6 95. Ke8 Ra8+ 96. Kd7 Ra7+ 97. Ke8 Ra1 98. Kd7 Be5 99. Re7 Rc1 100. Rf7 Rc2 101. Re7 Rc7+ 102. Ke8 Rc6 103. Kd7 Bd6 104. Rf7 Rc7+ 105. Ke8 Rc8+ 106. Kd7 Rh8 107. Rf5+ Be5 108. Rf7 Ra8 109. Re7 Ra6 110. Rf7 Bd6 111. Rf5+ Ke4 112. Rf7 Be5 113. Re7 Rd6+ 114. Ke8 Kf5 115. Rf7+ Bf6 116. Rd7 Rc6 117. Kf7 Be5 1/2-1/2


[Site "https://www.chess.com"]

[Event "Titled Tuesday Blitz November 15 Late 2022"]
[White "Shuvalova, Polina"]
[Black "Hajiyev, Kanan"]
[WhiteFideId "24171760"]
[BlackFideId "13404148"]
[WhiteElo "2342"]
[BlackElo "2118"]
[Result "0-1"]
[Round "09"]
[TimeControl "180+1"]
[Date "2022.11.16"]
[WhiteClock "0:00:01"]
[BlackClock "0:00:17"]

1. d4 d5 2. Nf3 c5 3. dxc5 e6 4. c4 Bxc5 5. cxd5 Qxd5 6. Qxd5 exd5 7. Nc3 Nf6 8. Bg5 Be6 9. Bxf6 gxf6 10. e3 Nc6 11. Rd1 O-O-O 12. Be2 d4 13. exd4 Nxd4 14. Nxd4 Rxd4 15. O-O Rhd8 16. Rc1 b6 17. Nb5 Rd2 18. Bf3 Rxb2 19. Nxa7+ Kc7 20. a4 Rdd2 21. Nb5+ Kb8 22. Kh1 Bxf2 23. Nc3 Rdc2 24. Rxc2 Rxc2 25. Ne4 Bd4 26. Rd1 Be5 27. g3 Kc7 28. Rb1 Ra2 29. Rb4 Bh3 30. Nf2 Ra1+ 31. Bd1 Be6 32. Kg2 Bd6 33. Rh4 Bc5 34. Be2 Bd5+ 35. Bf3 Bxf3+ 36. Kxf3 Rf1 37. Rxh7 Rxf2+ 38. Kg4 f5+ 39. Kh3 Kc6 40. Rxf7 Kd5 41. Rf6 Kc4 42. Rc6 Kb4 43. a5 Kxa5 44. Rc8 Kb5 0-1


[Site "https://www.chess.com"]

[Event "Titled Tuesday Blitz November 15 Late 2022"]
[White "Sivakumar, Shaashwath"]
[Black "Saveliev, Alexei"]
[WhiteFideId "30912156"]
[BlackFideId "24128546"]
[WhiteElo "2137"]
[BlackElo "2290"]
[Result "0-1"]
[Round "09"]
[TimeControl "180+1"]
[Date "2022.11.16"]
[WhiteClock "0:00:01"]
[BlackClock "0:00:21"]

1. d4 g6 2. e4 Bg7 3. Nc3 d6 4. Be3 Nc6 5. Nge2 e5 6. d5 Nce7 7. Qd2 f5 8. f3 Nf6 9. h3 O-O 10. g4 b5 11. a3 a5 12. Rg1 Kh8 13. Nc1 Rb8 14. Bd3 b4 15. axb4 axb4 16. N3e2 fxe4 17. fxe4 c6 18. dxc6 Nxc6 19. Nb3 Be6 20. O-O-O Bxb3 21. cxb3 Na5 22. Bc2 Nxe4 23. Qd3 Nc5 24. Bxc5 dxc5 25. Qe4 Qg5+ 26. Kb1 c4 27. h4 Qe7 28. h5 Nxb3 29. hxg6 Qa7 30. Bxb3 cxb3 31. Rh1 h6 0-1


[Site "https://www.chess.com"]

[Event "Titled Tuesday Blitz November 15 Late 2022"]
[White "Sohal, Tanraj"]
[Black "Li, Xueyi"]
[WhiteFideId "2608499"]
[BlackFideId "8605912"]
[WhiteElo "2200"]
[BlackElo "2197"]
[Result "1-0"]
[Round "09"]
[TimeControl "180+1"]
[Date "2022.11.16"]
[WhiteClock "0:00:54"]
[BlackClock "0:00:06"]

1. d4 d5 2. Nf3 c5 3. Bf4 Nc6 4. e3 Nf6 5. c3 Qb6 6. Qc1 Bf5 7. h3 h6 8. Be2 e6 9. O-O Be7 10. a3 O-O 11. b4 cxb4 12. axb4 Rfc8 13. Qb2 a5 14. b5 Nb8 15. Nbd2 Nbd7 16. c4 dxc4 17. Nxc4 Qd8 18. Rfc1 Bb4 19. Nd6 Bxd6 20. Bxd6 Nb6 21. Bc5 Nbd5 22. Ne5 Nd7 23. Nxd7 Qxd7 24. b6 Qd8 25. Qb3 Qg5 26. Bf3 Bxh3 27. Kf1 Bg4 28. Bxg4 Qxg4 29. Qb5 Qh4 30. Kg1 Nf6 31. Be7 Rxc1+ 32. Rxc1 a4 33. Ra1 a3 34. Rxa3 Rxa3 35. Bxa3 Ng4 36. Qe8+ Kh7 37. Qxf7 Qh2+ 38. Kf1 Qh1+ 39. Ke2 Qxg2 40. Bf8 Nf6 41. Qxe6 h5 42. Be7 Ne4 43. Qf5+ Kg8 44. Qf4 g6 45. Qf8+ Kh7 46. Qf7+ Kh6 47. Bf8+ Kg5 48. Qf4# 1-0


[Site "https://www.chess.com"]

[Event "Titled Tuesday Blitz November 15 Late 2022"]
[White "Souleidis, Georgios"]
[Black "Torres Dominguez, David"]
[WhiteFideId "4206827"]
[BlackFideId "2220857"]
[WhiteElo "2401"]
[BlackElo "2037"]
[Result "1-0"]
[Round "09"]
[TimeControl "180+1"]
[Date "2022.11.16"]
[WhiteClock "0:00:12"]
[BlackClock "0:00:03"]

1. e4 e6 2. d4 d5 3. Nc3 Bb4 4. exd5 exd5 5. Bd3 Nc6 6. Nf3 Bg4 7. O-O Nge7 8. h3 Bh5 9. a3 Bxc3 10. bxc3 Qd6 11. a4 O-O 12. Re1 Bg6 13. Ba3 Qd7 14. Bb5 Rfe8 15. Ne5 Qf5 16. Bxe7 Rxe7 17. Nxc6 Rxe1+ 18. Qxe1 bxc6 19. Bxc6 Rb8 20. Qe7 Qxc2 21. Qxc7 Rb1+ 22. Rxb1 Qxb1+ 23. Kh2 h6 24. Bxd5 Qc2 25. f3 Qxa4 26. c4 a5 27. Be4 Bxe4 28. fxe4 Qd1 29. Qc8+ Kh7 30. Qf5+ Kg8 31. Qxa5 Qxd4 32. Qd5 Qf2 33. Qf5 Qd4 34. c5 g6 35. Qd5 Qe3 36. c6 Qf4+ 37. Kg1 Qe3+ 38. Kf1 Qf4+ 39. Ke2 Qg3 40. e5 Qf4 41. c7 1-0


[Site "https://www.chess.com"]

[Event "Titled Tuesday Blitz November 15 Late 2022"]
[White "Stanisz, Patryk"]
[Black "Sanchez, Robert"]
[WhiteFideId "1123106"]
[BlackFideId "2034360"]
[WhiteElo "2069"]
[BlackElo "2307"]
[Result "1-0"]
[Round "09"]
[TimeControl "180+1"]
[Date "2022.11.16"]
[WhiteClock "0:00:06"]
[BlackClock "0:00:10"]

1. d4 d5 2. c4 e6 3. Nc3 Nf6 4. Nf3 Be7 5. Bf4 O-O 6. e3 c6 7. Rc1 Nbd7 8. h3 h6 9. a3 Re8 10. cxd5 exd5 11. Bd3 Nf8 12. O-O Bd6 13. Be5 Bxe5 14. Nxe5 N6d7 15. f4 f6 16. Nxd7 Bxd7 17. Qf3 Qb6 18. Rc2 Re7 19. Re2 Rae8 20. Kh2 f5 21. g3 Qc7 22. g4 fxg4 23. hxg4 Ne6 24. Kg2 Rf8 25. Rh1 Ng5 26. Qg3 Ne4 27. Nxe4 dxe4 28. Bc4+ Be6 29. Bxe6+ Rxe6 30. f5 Rd6 31. Rc2 Qe7 32. Rc5 Rd5 33. Rhc1 Rf7 34. Rxd5 cxd5 35. Rc5 Qd7 36. Qb8+ Rf8 37. Qxa7 h5 38. Qa5 hxg4 39. Rxd5 Qf7 40. Rd8 Qh5 41. Rxf8+ Kxf8 42. Qd8+ Kf7 43. Qd5+ Kf8 44. Qd6+ Kg8 45. Qe6+ Kh7 46. Qg6+ Qxg6 47. fxg6+ Kxg6 48. Kg3 Kf5 49. a4 b6 50. b4 g5 51. a5 1-0


[Site "https://www.chess.com"]

[Event "Titled Tuesday Blitz November 15 Late 2022"]
[White "Steinberg, Nitzan"]
[Black "Estrada Nieto, Julian"]
[WhiteFideId "2801795"]
[BlackFideId "5101018"]
[WhiteElo "2491"]
[BlackElo "2221"]
[Result "1-0"]
[Round "09"]
[TimeControl "180+1"]
[Date "2022.11.15"]
[WhiteClock "0:00:52"]
[BlackClock "0:00:01"]

1. e4 e5 2. Nf3 Nc6 3. Bc4 Bc5 4. c3 Nf6 5. d3 d6 6. a4 a5 7. O-O h6 8. h3 O-O 9. Nbd2 Ba7 10. Re1 Ne7 11. Nf1 Ng6 12. Ng3 c6 13. Bb3 Be6 14. Be3 Re8 15. Bc2 Bxe3 16. fxe3 d5 17. exd5 cxd5 18. d4 e4 19. Nd2 Qd6 20. Ne2 Nh4 21. Rf1 Nf5 22. Rxf5 Bxf5 23. Qe1 Nh7 24. Qf2 Bd7 25. Rf1 Re7 26. Bb3 Be6 27. Ba2 Rf8 28. Qh4 f5 29. c4 Rf6 30. Nc3 dxc4 31. d5 Bf7 32. Nxc4 Qb4 33. Qg3 Rc7 34. Qxc7 Rg6 35. Ne5 1-0


[Site "https://www.chess.com"]